Map: Galactic Process LE

Players

IlIlIIIIllll

  • Race: Protoss Protoss
  • League: Grandmaster

NORTHAMERICA - Winner!

  • Race: Protoss Protoss
  • League: Grandmaster

VOD

Have the link to the VOD?

Description

Time

  • Played on: Nov. 6, 2016, 1:18 a.m.
  • Length: 16:56
Show
View Real Time Build Order
Export as new Build Order

IlIlIIIIllll Protoss 

Build Orders: Oracle Opening 

Get SALT Encoding   

  12  0:01  Probe (Chrono Boost)  
  13  0:11  Probe (Chrono Boost)  
  14  0:18  Pylon  
  14  0:22  Probe (Chrono Boost)  
  15  0:36  Probe (Chrono Boost)  
  15  0:37  Gateway  
  15  0:42  Assimilator  
  16  0:47  Probe (Chrono Boost)  
  17  0:57  Probe (Chrono Boost)  
  17  0:59  Assimilator  
  18  1:08  Probe (Chrono Boost)  
  18  1:09  Gateway  
  19  1:19  Probe (Chrono Boost)  
  19  1:24  Cybernetics Core  
  20  1:29  Probe (Chrono Boost)  
  21  1:33  Pylon  
  22  1:40  Probe (Chrono Boost)  
  22  1:50  Warp Gate  
  22  1:51  Probe (Chrono Boost)  
  23  2:01  Adept x2  
  29  2:02  Mothership Core (Chrono Boost)  
  29  2:10  Pylon  
  29  2:21  Probe (Chrono Boost)  
  30  2:30  Stargate  
  30  2:33  Probe (Chrono Boost)  
  31  2:38  Adept  
  31  2:40  Adept  
  36  2:46  Probe (Chrono Boost)  
  36  2:53  Pylon  
  33  3:17  Probe (Chrono Boost), Oracle  
  35  3:29  Probe (Chrono Boost)  
  37  3:42  Probe (Chrono Boost)  
  37  3:51  Oracle  
  37  3:54  Probe (Chrono Boost)  
  40  4:09  Probe (Chrono Boost), Robotics Facility  
  41  4:10  Adept x2, Unknown, Nexus  
  41  4:14  Pylon  
  43  4:26  Probe (Chrono Boost)  
  44  4:36  Adept x2  
  44  4:38  Probe (Chrono Boost)  
  49  4:50  Probe (Chrono Boost)  
  50  4:54  Observer  
  50  4:55  Pylon  
  51  5:02  Probe (Chrono Boost)  
  53  5:14  Probe (Chrono Boost)  
  51  5:22  Unknown  
  51  5:26  Probe x2 (Chrono Boost)  
  48  5:29  Immortal  
  48  5:33  Sentry x2  
  48  5:36  Probe (Chrono Boost)  
  48  5:38  Probe (Chrono Boost)  
  48  5:41  Assimilator  
  50  5:42  Assimilator  
  50  5:47  Probe (Chrono Boost)  
  52  5:51  Probe (Chrono Boost)  
  52  5:57  Probe (Chrono Boost)  
  52  6:01  Pylon  
  52  6:03  Probe (Chrono Boost)  
  52  6:04  Immortal  
  54  6:07  Twilight Council  
  54  6:08  Probe (Chrono Boost)  
  59  6:15  Probe (Chrono Boost)  
  59  6:17  Pylon  
  61  6:18  Probe (Chrono Boost)  
  61  6:23  Gateway  
  61  6:24  Gateway  
  58  6:28  Blink  
  58  6:30  Probe (Chrono Boost)  
  58  6:31  Probe (Chrono Boost)  
  60  6:37  Gateway x2  
  60  6:41  Immortal  
  64  6:52  Oracle  
  67  7:01  Stalker  
  67  7:02  Stalker  
  73  7:08  Probe (Chrono Boost)  
  73  7:09  Probe (Chrono Boost)  
  73  7:17  Unknown, Nexus  
  73  7:21  Pylon  
  73  7:22  Immortal  
  77  7:36  Probe x2 (Chrono Boost)  
  79  7:47  Pylon  
  79  7:48  Probe x2 (Chrono Boost)  
  81  7:51  Robotics Facility, Robotics Bay  
  81  8:00  Probe (Chrono Boost)  
  80  8:07  Probe (Chrono Boost)  
  80  8:10  Pylon  
  80  8:12  Probe (Chrono Boost)  
  85  8:19  Probe (Chrono Boost)  
  82  8:23  Forge  
  82  8:24  Stalker x3, Probe (Chrono Boost)  
  82  8:25  Stalker  
  91  8:29  Unknown  
  91  8:32  Probe (Chrono Boost)  
  93  8:34  Probe (Chrono Boost)  
  93  8:36  Probe (Chrono Boost)  
  93  8:37  Assimilator  
  93  8:39  Disruptor  
  94  8:41  Assimilator, Warp Prism  
  99  8:48  Gravitic Drive  
  99  8:52  Probe x2 (Chrono Boost)  
  99  8:53  Probe (Chrono Boost)  
  102  9:03  Probe (Chrono Boost), Pylon  
  102  9:04  Probe (Chrono Boost)  
  102  9:05  Probe (Chrono Boost)  
  105  9:13  Disruptor x2  
  111  9:25  Protoss Ground Weapons Level 1  
  111  9:28  Photon Cannon  
  111  9:29  Photon Cannon  
  111  9:31  Photon Cannon  
  111  9:33  Photon Cannon  
  111  9:44  Disruptor x2  
  111  9:48  Adept  
  111  9:51  Stalker x5  
  129  10:00  Photon Cannon  
  127  10:15  Disruptor x2  
  133  10:31  Unknown, Nexus  
  133  10:34  Pylon  
  131  10:35  Stalker x4  
  131  10:36  Stalker  
  141  10:43  Pylon  
  141  10:47  Gateway  
  141  10:50  Gateway  
  141  10:52  Gateway  
  141  11:00  Disruptor x2  
  141  11:05  Dark Shrine  
  141  11:09  Stalker x3  
  141  11:10  Pylon  
  153  11:14  Photon Cannon  
  153  11:30  Protoss Ground Weapons Level 2  
  151  11:39  Disruptor x2  
  151  11:43  Unknown  
  151  11:46  Oracle  
  160  12:01  Stalker x2  
  160  12:02  Stalker x7  
  160  12:08  Assimilator  
  178  12:10  Assimilator  
  178  12:14  Pylon  
  152  12:20  Disruptor x2  
  153  12:33  Stalker x2  
  153  12:34  Stalker x4  
  152  12:44  Photon Cannon  
  152  12:51  Disruptor x2  
  158  13:03  Dark Templar x3  
  164  13:14  Oracle  
  146  13:30  Disruptor  
  146  13:32  Stalker x6  
  147  13:55  Unknown, Nexus  
  136  14:00  Stalker x6  
  144  14:10  Disruptor x2  
  150  14:24  Stalker x3  
  150  14:25  Stalker  
  158  14:33  Pylon  
  158  14:49  Oracle  
  158  14:51  Disruptor x2  
  161  14:54  Photon Cannon  
  161  14:57  Photon Cannon  
  167  15:03  Assimilator  
  167  15:06  Unknown  
  167  15:08  Assimilator  
  155  15:22  Disruptor x2  
  110  15:31  Stalker x8  
  107  15:52  Stalker  
  107  15:53  Disruptor  
  107  15:54  Stalker  
  107  15:55  Stalker x3  
  99  16:26  Stalker x3  
  99  16:27  Stalker x5  
Show
View Real Time Build Order
Export as new Build Order

NORTHAMERICA Protoss - Winner!

Build Orders:  

Get SALT Encoding   

  12  0:01  Probe (Chrono Boost)  
  13  0:12  Probe (Chrono Boost)  
  14  0:18  Pylon  
  14  0:22  Probe (Chrono Boost)  
  15  0:36  Probe (Chrono Boost)  
  15  0:38  Gateway  
  16  0:47  Probe (Chrono Boost)  
  17  0:51  Assimilator  
  17  0:54  Assimilator  
  17  0:57  Probe (Chrono Boost)  
  18  1:08  Probe (Chrono Boost)  
  18  1:09  Gateway  
  20  1:18  Probe (Chrono Boost)  
  20  1:27  Cybernetics Core  
  20  1:29  Probe (Chrono Boost)  
  21  1:39  Probe (Chrono Boost)  
  22  1:43  Pylon  
  22  1:50  Probe (Chrono Boost)  
  22  1:53  Warp Gate  
  24  2:01  Probe (Chrono Boost)  
  24  2:04  Adept x2  
  30  2:17  Mothership Core (Chrono Boost)  
  30  2:21  Pylon  
  30  2:39  Stalker x2  
  30  2:43  Probe (Chrono Boost)  
  35  3:06  Unknown, Nexus  
  33  3:16  Sentry  
  35  3:25  Pylon  
  36  3:27  Probe (Chrono Boost)  
  36  3:35  Pylon  
  36  3:39  Probe (Chrono Boost)  
  37  3:45  Twilight Council  
  37  3:59  Gateway  
  37  4:05  Stalker  
  37  4:06  Stalker  
  42  4:10  Probe (Chrono Boost)  
  42  4:17  Unknown  
  42  4:19  Blink  
  42  4:21  Probe (Chrono Boost)  
  39  4:33  Stalker, Probe (Chrono Boost)  
  42  4:44  Probe (Chrono Boost)  
  44  4:45  Probe (Chrono Boost)  
  44  4:52  Sentry  
  45  4:55  Probe (Chrono Boost)  
  45  4:56  Probe (Chrono Boost)  
  45  4:59  Sentry  
  49  5:05  Probe (Chrono Boost)  
  50  5:07  Stalker, Probe (Chrono Boost)  
  50  5:15  Adept  
  50  5:16  Probe (Chrono Boost)  
  50  5:17  Probe (Chrono Boost)  
  50  5:24  Adept  
  50  5:27  Probe (Chrono Boost)  
  49  5:36  Stalker  
  49  5:39  Probe (Chrono Boost)  
  49  5:40  Probe (Chrono Boost)  
  53  5:49  Probe (Chrono Boost)  
  54  5:50  Robotics Facility  
  54  5:51  Probe (Chrono Boost)  
  54  6:00  Probe (Chrono Boost), Sentry x2  
  54  6:01  Probe (Chrono Boost)  
  60  6:10  Probe (Chrono Boost)  
  61  6:12  Probe (Chrono Boost)  
  61  6:13  Pylon  
  62  6:20  Pylon  
  62  6:21  Probe (Chrono Boost)  
  62  6:22  Probe (Chrono Boost)  
  64  6:31  Probe (Chrono Boost)  
  64  6:32  Assimilator  
  65  6:33  Probe (Chrono Boost)  
  66  6:42  Probe (Chrono Boost)  
  66  6:43  Probe (Chrono Boost), Unknown, Nexus  
  68  6:52  Probe (Chrono Boost), Robotics Bay  
  68  6:54  Probe (Chrono Boost)  
  70  6:55  Gateway x2  
  70  6:57  Gateway  
  70  7:03  Probe (Chrono Boost)  
  70  7:04  Probe (Chrono Boost)  
  70  7:08  Assimilator  
  72  7:13  Probe (Chrono Boost)  
  72  7:15  Probe (Chrono Boost)  
  74  7:19  Unknown, Nexus  
  74  7:22  Pylon  
  74  7:24  Probe (Chrono Boost)  
  74  7:25  Probe (Chrono Boost)  
  76  7:31  Robotics Facility  
  76  7:33  Pylon  
  76  7:36  Probe (Chrono Boost), Disruptor, Resonating Glaives  
  77  7:44  Probe (Chrono Boost)  
  82  7:51  Probe (Chrono Boost)  
  82  7:55  Probe (Chrono Boost)  
  83  8:01  Stalker x3  
  88  8:10  Disruptor  
  92  8:12  Probe (Chrono Boost)  
  92  8:14  Forge  
  92  8:15  Probe (Chrono Boost)  
  92  8:18  Pylon  
  92  8:19  Disruptor  
  93  8:26  Probe (Chrono Boost)  
  93  8:27  Probe (Chrono Boost)  
  98  8:30  Zealot  
  98  8:31  Unknown  
  98  8:32  Probe (Chrono Boost)  
  101  8:36  Protoss Ground Weapons Level 1  
  101  8:38  Probe (Chrono Boost)  
  101  8:39  Probe (Chrono Boost)  
  103  8:41  Disruptor  
  103  8:43  Probe (Chrono Boost)  
  103  8:44  Assimilator  
  107  8:49  Assimilator  
  107  8:50  Probe (Chrono Boost)  
  107  8:54  Probe (Chrono Boost)  
  109  8:55  Photon Cannon  
  109  8:59  Disruptor  
  109  9:00  Dark Shrine  
  109  9:01  Pylon  
  109  9:02  Phoenix  
  112  9:16  Photon Cannon  
  112  9:17  Photon Cannon  
  112  9:20  Disruptor  
  115  9:35  Observer  
  115  9:37  Stargate  
  116  9:40  Photon Cannon  
  116  9:43  Pylon, Unknown, Nexus  
  116  9:45  Photon Cannon  
  116  9:46  Photon Cannon  
  116  9:48  Zealot  
  116  9:49  Zealot  
  116  9:51  Disruptor  
  123  10:00  Disruptor  
  123  10:06  Stalker x4, Probe (Chrono Boost)  
  133  10:16  Oracle  
  133  10:22  Disruptor  
  133  10:25  Photon Cannon  
  133  10:27  Photon Cannon  
  139  10:30  Assimilator  
  139  10:32  Assimilator  
  139  10:39  Stalker  
  141  10:43  Gateway  
  141  10:46  Gateway  
  141  10:49  Disruptor  
  139  10:53  Disruptor  
  139  10:54  Unknown  
  142  11:02  Stalker x5  
  155  11:09  Gateway x2  
  155  11:12  Protoss Ground Weapons Level 2  
  155  11:15  Pylon  
  152  11:20  Disruptor  
  152  11:24  Disruptor  
  156  11:39  Stalker  
  158  11:40  Stalker x2  
  158  11:45  Pylon  
  160  11:47  Pylon  
  160  11:49  Pylon x2  
  160  11:51  Disruptor  
  160  11:55  Oracle  
  154  12:27  Stalker  
  154  12:28  Stalker x3  
  154  12:29  Stalker  
  153  12:31  Disruptor  
  136  12:38  Stalker x3  
  136  12:41  Disruptor  
  141  12:46  Probe (Chrono Boost)  
  144  12:51  Oracle  
  144  12:53  Stalker x5  
  154  13:03  Disruptor  
  154  13:10  Stalker  
  154  13:11  Stalker x2  
  157  13:32  Stalker x3  
  157  13:33  Stalker x5  
  157  13:34  Stalker  
  166  13:48  Disruptor  
  164  13:49  Pylon  
  147  14:04  Probe (Chrono Boost)  
  141  14:11  Stalker x3  
  141  14:12  Stalker x4  
  152  14:24  Unknown, Nexus  
  152  14:27  Dark Templar  
  152  14:28  Oracle  
  154  14:34  Dark Templar  
  159  14:40  Disruptor  
  159  14:42  Dark Templar  
  159  14:53  Dark Templar  
  159  14:54  Dark Templar  
  159  14:55  Dark Templar  
  163  15:04  Disruptor  
  163  15:08  Photon Cannon  
  164  15:22  Photon Cannon, Pylon  
  164  15:24  Disruptor  
  151  15:32  Stalker  
  151  15:33  Stalker x4  
  151  15:34  Stalker  
  163  15:35  Unknown  
  163  15:38  Observer  
  158  15:54  Disruptor  
  156  15:58  Stalker  
  156  15:59  Stalker x3  
  156  16:00  Stalker x4  
  176  16:05  Probe (Chrono Boost)  
  176  16:06  Disruptor  
  176  16:08  Assimilator  
  176  16:13  Assimilator  
  163  16:36  Stalker x2  
  163  16:37  Stalker x5  
Tags
 
Add a new tag
Caveats
  • Supply blocks, unpowered buildings, or Contaminate may cause inaccurate times.
  • Supply counts are checked every 10 seconds.